 Dungeon Crawl Stone Soup version 0.29-a0-824-gd827844252 (webtiles) character file.

Game seed: 6226700276548069494

1907 kevlar127 the Grappler (level 8, -4/84 HPs)
             Began as a Troll Berserker on July 9, 2022.
             Was an Elder of Trog.
             Killed by divine providence
             ... invoked by an orc priest
              (12 damage)
             ... on level 7 of the Dungeon.
             The game lasted 00:14:44 (5583 turns).

kevlar127 the Grappler (Troll Berserker)            Turns: 5583, Time: 00:14:46

Health: -4/84      AC:  9    Str: 28    XL:     8   Next: 94%
Magic:  7/7        EV: 10    Int:  3    God:    Trog [****..]
Gold:   297        SH:  5    Dex:  9    Spells: 7/7 levels left

rFire   . . .      SeeInvis +     - Unarmed
rCold   . . .      Faith    .   (no shield)
rNeg    . . .      Spirit   .   a - +1 animal skin
rPois   .          Reflect  +   (helmet restricted)
rElec   .          Harm     .   (no cloak)
rCorr   .          Rampage  .   (gloves unavailable)
Will    .....                   (boots unavailable)
Stlth   +.........              A - amulet of reflection
HPRegen 1.04/turn               k - +4 ring of protection
MPRegen 0.10/turn               z - ring of see invisible

@: lethally poisoned (-4 -> -7), mesmerised
A: large, unfitting armour, claws 3, regeneration 1, shaggy fur 1, tough skin 1
a: Renounce Religion, Berserk, Trog's Hand, Brothers in Arms


You were on level 7 of the Dungeon.
You worshipped Trog.
Trog was greatly pleased with you.
You visited 1 branch of the dungeon, and saw 7 of its levels.
You also visited: Sewer.

You collected 433 gold pieces.
You spent 136 gold pieces at shops.

Inventory:

Missiles
 c - 72 stones
 p - 7 poisoned darts
 F - 7 boomerangs (quivered)
Armour
 a - a +1 animal skin (worn)
Jewellery
 k - a +4 ring of protection (left claw)
 l - a ring of magical power
 y - a ring of ice
 z - a ring of see invisible (right claw)
 A - an amulet of reflection (around neck)
 C - a ring of ice
 D - an amulet of guardian spirit
 K - a ring of positive energy
Wands
 E - a wand of light (15)
 H - a wand of iceblast (9)
Scrolls
 b - 2 scrolls of enchant armour
 d - a scroll of noise {unknown}
 i - 3 scrolls of teleportation {unknown}
 m - 2 scrolls of fear {unknown}
 n - 2 scrolls of magic mapping {unknown}
 q - 2 scrolls of summoning {unknown}
 r - a scroll of fog {unknown}
 t - a scroll of vulnerability
 u - 3 scrolls of enchant weapon
 x - a scroll of immolation {unknown}
 B - a scroll of blinking
 I - a scroll of poison
 L - a scroll of torment {unknown}
 M - a scroll of identify
Potions
 e - 3 potions of attraction
 f - 4 potions of mutation
 g - 3 potions of berserk rage
 h - 3 potions of brilliance
 j - 5 potions of ambrosia
 o - 6 potions of curing
 s - a potion of lignification {unknown}
 v - 2 potions of degeneration
 w - a potion of cancellation {unknown}
 G - 2 potions of haste {unknown}
 J - a potion of heal wounds {unknown}


   Skills:
 + Level 6.6 Fighting
 + Level 4.0 Throwing
 - Level 3.0 Dodging
 + Level 8.0 Unarmed Combat


You had 7 spell levels left.
You didn't know any spells.
Your spell library was empty.

Dungeon Overview and Level Annotations

Branches:
Dungeon (7/15)              Sewer (visited)
 Temple: D:4-7

Altars:
Cheibriados
Gozag
Nemelex Xobeh
Uskayaw
Yredelemnul
Zin

Shops:
D:5 *   D:6 *

Annotations:
D:7 Maggie


Innate Abilities, Weirdness & Mutations

You are too large for most types of armour.
You have claws for hands.
Your natural rate of healing is unusually fast.
You are covered in fur. (AC +1)
You have tough skin. (AC +1)


Message History

You feel sick.
The water moccasin completely misses you.
An orc warrior comes into view. It is wielding a +0 halberd.
Maggie hits you from afar with a +0 halberd!
Unknown command.
You scratch the water moccasin but do no damage.
The water moccasin is almost dead.
You feel sick. The wyvern bites you!
* * * LOW HITPOINT WARNING * * *
The water moccasin bites you but does no damage.
Maggie closely misses you. The wyvern barely misses you.
Unknown command.
You scratch the water moccasin.
The water moccasin is almost dead.
You feel sick. The water moccasin bites you!
* * * LOW HITPOINT WARNING * * *
The wyvern bites you but does no damage.
Maggie shouts, "Leave me alone!"
Maggie misses you. The water moccasin bites you.
* * * LOW HITPOINT WARNING * * *
You are more poisoned.
The water moccasin poisons you!
You closely miss the water moccasin. Your claw misses the water moccasin.
The water moccasin is almost dead.
You feel sick. The wyvern barely misses you.
The water moccasin bites you but does no damage.
Maggie shouts, "Leave me alone!"
Maggie hits you but does no damage.
Okay, then.
Okay, then.
As you read the scroll labelled LILUKHL UGAB IFA, it crumbles to dust.
It is a scroll of enchant armour.
Your +0 animal skin glows green for a moment.
You feel very sick. You block the wyvern's attack.
The water moccasin bites you.
* * * LOW HITPOINT WARNING * * *
Maggie closely misses you.
The orc priest calls down the wrath of Beogh upon you.
Beogh smites you!
You die... #. #. .. .. #.##.#.##.##! ........... .o......##. # oo....)...

.
###.##@#.......
..
##.....)#S(.....
....... #.@)#
.......##.#l#
....[.....#
##.####.#.#####
#..<.........#
#####.##.#..##
#.# .#..# #.# ..
..# #.# ##. ##


You could see Maggie (mesmerising), an orc warrior, a water moccasin, a wyvern,
an orc priest and an orc.

Vanquished Creatures
  A steam dragon (D:4)
  A black bear (D:5)
  An ice beast (D:6)
  A centaur (D:6)
  A phantom (D:4)
  2 bullfrogs (D:6)
  2 necrophages (D:5)
  4 scorpions
  4 wights (D:6)
  A howler monkey (D:5)
  A jelly (D:4)
  3 hounds
  4 iguanas
  2 orc wizards
  Robin (D:3)
  12 adders
  7 gnolls (D:3)
  4 river rats
  A shadow imp (D:6)
  An ufetubus (D:6)
  3 worms
  19 orcs
  7 ball pythons
  2 bats
  8 endoplasms
  2 giant cockroaches
  40 goblins
  33 hobgoblins
  7 quokkas
  6 frilled lizards
  7 kobolds
  8 rats
196 creatures vanquished.

Vanquished Creatures (others)
  An orc (D:7)
1 creature vanquished.

Grand Total: 197 creatures vanquished

Notes
Turn   | Place    | Note
-------+----------+-------------------------------------------
     0 | D:1      | kevlar127 the Troll Berserker began the quest for the Orb.
     0 | D:1      | Reached XP level 1. HP: 22/22 MP: 0/0
   285 | D:1      | Reached XP level 2. HP: 29/29 MP: 1/1
  1083 | D:2      | Reached ** piety under Trog
  1133 | D:2      | Reached XP level 3. HP: 33/36 MP: 2/2
  1212 | D:2      | Found an opulent altar of Gozag.
  1616 | D:3      | Reached skill level 4 in Unarmed Combat
  1620 | D:3      | Reached XP level 4. HP: 45/45 MP: 3/3
  1655 | D:3      | HP: 3/67 [kobold/+0 club (3)]
  2099 | D:3      | Reached XP level 5. HP: 53/54 MP: 4/4
  2114 | D:3      | Reached *** piety under Trog
  2149 | D:3      | Found a glowing drain.
  2153 | Sewer    | Entered a sewer
  2345 | Sewer    | Reached skill level 5 in Unarmed Combat
  2601 | D:3      | Noticed Robin
  2615 | D:3      | Killed Robin
  2616 | D:3      | Reached XP level 6. HP: 62/62 MP: 5/5
  2916 | D:3      | Reached **** piety under Trog
  3059 | D:3      | Found a snail-covered altar of Cheibriados.
  3251 | D:4      | Found a sparkling altar of Nemelex Xobeh.
  3778 | D:4      | Noticed a steam dragon
  3784 | D:4      | Killed a steam dragon
  3785 | D:4      | Reached skill level 5 in Fighting
  3785 | D:4      | Reached skill level 6 in Unarmed Combat
  3785 | D:4      | Reached XP level 7. HP: 35/72 MP: 6/6
  3847 | D:4      | Reached skill level 1 in Throwing
  3854 | D:4      | Found a large runed translucent door.
  3854 | D:4      | Found a large runed translucent door.
  4142 | D:4      | Found a basalt altar of Yredelemnul.
  4152 | D:4      | Found a glowing silver altar of Zin.
  4184 | D:5      | Entered Level 5 of the Dungeon
  4355 | D:5      | Reached XP level 8. HP: 81/81 MP: 7/7
  4487 | D:5      | Found Qifuwavukh's General Store.
  4490 | D:5      | Bought a scroll of identify for 26 gold pieces
  4490 | D:5      | Bought a scroll of identify for 26 gold pieces
  4490 | D:5      | Bought a potion of degeneration for 13 gold pieces
  4490 | D:5      | Bought a scroll of identify for 26 gold pieces
  4490 | D:5      | Bought a scroll of poison for 45 gold pieces
  4842 | D:6      | Reached skill level 7 in Unarmed Combat
  4856 | D:6      | Found a hide-covered altar of Uskayaw.
  4955 | D:6      | Found the +1 Delatra's gloves {ID++}
  5128 | D:6      | Found Venahax's Overcharged Wands.
  5485 | D:6      | Reached skill level 8 in Unarmed Combat
  5571 | D:7      | Noticed Maggie
  5583 | D:7      | Killed from afar by an orc priest

Illustrated notes

Levels and vault maps discovered:
D:1:      erik_arrival_blinker_ship, layout_basic
D:2:      layout_basic, basic_altar
D:3:      minmay_goblin_kobold_castle, layout_loops_ring, chei_slow_surprise,
          gup_sewer_entry_spiral, st_stairs_8, uniq_robin
D:4:      layout_basic, overflow_temple_1_default, jmf_multi_god_temple2,
          minmay_misc_feat_five
D:5:      layout_basic, serial_shops, nicolae_shop_behind_doors,
          grunt_ministairs_6
D:6:      layout_loops_cross, nicolae_uskayaw_murder_on_the_dancefloor,
          nicolae_shop_overcharged_wands
D:7:      layout_loops_cross, nicolae_elyvilon_peaceful_grove,
          minmay_temple_entry_overgrown, enter_bailey_2, st_stairs_7,
          uniq_crazy_yiuf_cottage, uniq_maggie

Skill      XL: |  1  2  3  4  5  6  7  8 |
---------------+-------------------------+-----
Fighting       | 3 4 5 6 |  6.6
Unarmed Combat | 4 5 6 8 |  8.0
Throwing       | 2 4 |  4.0
Dodging        | 3 |  3.0

Action                   |  1- 3 |  4- 6 |  7- 9 || total
-------------------------+-------+-------+-------++-------
Melee: Unarmed           |   116 |   253 |   135 ||   504
       Punch             |     1 |     5 |     4 ||    10
Throw: Boomerang         |       |       |     2 ||     2
Invok: Berserk           |       |     3 |     1 ||     4
       Trog's Hand       |       |     3 |       ||     3
  Use: Scroll            |       |     5 |     5 ||    10
 Stab: Sleeping          |     1 |     2 |     1 ||     4
Armor: Animal skin       |    65 |   141 |    44 ||   250
Dodge: Dodged            |    77 |   178 |    51 ||   306
Block: Other             |       |       |    12 ||    12

Table legend: (Time is in decaauts)
 A = Elapsed time spent in this place.
 B = Non-inter-level travel time spent in this place.
 C = Inter-level travel time spent in this place.
 D = Time resting spent in this place.
 E = Time spent auto-exploring this place.
 F = Levels seen in this place.
 G = Mean time per level.
                   A        B        C        D        E       F      G
               +--------+--------+--------+--------+--------+-----+--------+
         Total |   5658 |   5547 |    111 |    237 |   4227 |   8 |  707.2 |
       Dungeon |   5305 |   5194 |    111 |    237 |   4003 |   7 |  757.9 |
         Sewer |    353 |    353 |      0 |      0 |    224 |   1 |  353.0 |
               +--------+--------+--------+--------+--------+-----+--------+

Top non-repeatable levels by time:
     D:3: 1469 daAuts
     D:4: 949 daAuts
     D:1: 777 daAuts
     D:6: 770 daAuts
     D:2: 718 daAuts
     D:5: 602 daAuts
   Sewer: 353 daAuts
     D:7: 17 daAuts
